 Dungeon Crawl Stone Soup version 0.30-b1-2-g02819fbbbe (webtiles) character file.

Game seed: 12846133226141214761

426 raph the Changer (level 6, -12/50 HPs)
             Began as a Draconian Transmuter on May 21, 2023.
             Was an Initiate of Makhleb.
             Mangled by a hornet (14 damage)
             ... on level 6 of the Dungeon.
             The game lasted 00:06:55 (5262 turns).

raph the Changer (Draconian Transmuter)             Turns: 5262, Time: 00:06:55

Health: -12/50     AC:  8    Str: 14    XL:     6   Next: 64%
Magic:  9/9        EV: 12    Int: 13    God:    Makhleb [......]
Gold:   234        SH:  0    Dex: 12    Spells: 3/9 levels left

rFire   . .          .
                       - Unarmed
rCold   . . .        (no shield)
rNeg    . . .        (body armour unavailable)
rPois   .            (helmet restricted)
rElec   .            (no cloak)
rCorr   .            u - +1 pair of gloves
SInv    .            (no boots)
Will    .....        (no amulet)
Stlth   +            (no ring)
HPRegen 0.28/turn    (no ring)
MPRegen 0.11/turn

%: no passive effects
@: mighty, slowed, very slow
A: AC +6, unfitting armour, cold-blooded
a: Renounce Religion


You were on level 6 of the Dungeon.
You worshipped Makhleb.
Makhleb was noncommittal.
You visited 1 branch of the dungeon, and saw 6 of its levels.

You collected 234 gold pieces.

Inventory:

Missiles
 h - 3 boomerangs
 k - 7 poisoned darts
 l - 2 throwing nets
Armour
 i - a +0 buckler
 u - a +1 pair of gloves (worn)
Magical Staves
 b - a staff of poison
Jewellery
 f - a ring of protection from cold
 t - a +6 ring of intelligence
Wands
 q - a wand of charming (7)
Scrolls
 c - a scroll of identify
 g - a scroll of teleportation
 n - a scroll of blinking
 o - a scroll of fear {unknown}
Potions
 a - 2 potions of lignification
 d - a potion of degeneration {unknown}
 j - a potion of haste
 p - 2 potions of might
 r - a potion of attraction {unknown}
 s - a potion of resistance {unknown}


   Skills:
 + Level 2.5 Fighting
 - Level 1.7 Dodging
 + Level 3.7 Unarmed Combat
 + Level 2.4 Spellcasting
 + Level 4.8 Transmutations
 + Level 3.5 Poison Magic


You had 3 spell levels left.
You knew the following spells:

 Your Spells              Type           Power      Damage    Failure   Level
a - Beastly Appendage     Tmut           28%        N/A       3%          1
b - Wereblood             Tmut           14%        N/A       4%          2
c - Spider Form           Tmut/Pois      12%        N/A       13%         3

Your spell library contained the following spells:

 Spells                   Type           Power      Damage    Failure   Level
 Dazzling Flash           Conj/Hex       2%         N/A       58%         3
 Ice Form                 Ice/Tmut       7%         N/A       65%         4
 Agony                    Necr           1%         N/A       100%        5
 Silence                  Hex/Air        0%         N/A       100%        5


Dungeon Overview and Level Annotations

Branches:
Dungeon (6/15)
 Temple: D:4-7

Altars:
Elyvilon
Fedhas
Makhleb
Yredelemnul
Zin


Innate Abilities, Weirdness & Mutations

Your plain brown scales are hard. (AC +6)
You cannot fit into any form of body armour.
You are cold-blooded and may be slowed by cold attacks.


Message History

You feel as though you will be slow longer.
The hornet stings you but does no damage.
The sleepcap closely misses you.
Blink to where?
Press: ? - help, Dir - move target
As you read the scroll of blinking, it crumbles to dust.
Your horns disappear.
Your talons disappear.
The hornet barely misses you. The hornet completely misses you.
The hornet closely misses you.
You climb downwards.
Found 4 boomerangs.
There is a stone staircase leading up here.
You feel much better.
The hornet stings you but does no damage.
The hornet stings you.
You feel as though you will be slow longer.
You barely miss the hornet. The hornet barely misses you.
The hornet closely misses you.
You hit the hornet.
The hornet is lightly wounded.
The hornet stings you!
You are poisoned.
You feel as though you will be slow longer.
The hornet misses you. The hornet stings you!
* * * LOW HITPOINT WARNING * * *
You feel as though you will be slow longer.
You feel better. The hornet stings you.
* * * LOW HITPOINT WARNING * * *
You feel as though you will be slow longer.
The hornet closely misses you.
You barely miss the hornet.
The hornet is lightly wounded.
The hornet stings you.
* * * LOW HITPOINT WARNING * * *
You feel as though you will be slow longer.
The hornet stings you but does no damage.
You hit the hornet.
Your tail-slap misses the hornet.
The hornet is lightly wounded.
The hornet stings you!
You die...

... #####.#
#.
...##...#.##.
#...........
...........
........
#.....#
##....#
#..y@#
#............
##...........
##.#........
#####...(..
...... ##..##
###


You could see a hornet.

Vanquished Creatures
  Menkaure (D:5)
  A scorpion (D:4)
  Natasha (thrice) (D:3)
  2 iguanas
  Robin (D:3)
  2 adders (D:2)
  2 worms
  4 dart slugs
  5 endoplasms
  5 giant cockroaches
  12 goblins
  13 hobgoblins
  6 jackals
  3 quokkas
  5 ball pythons
  A bat (D:1)
  5 frilled lizards
  4 kobolds
  A rat (D:2)
76 creatures vanquished.

Notes
Turn   | Place    | Note
-------+----------+-------------------------------------------
     0 | D:1      | raph the Draconian Transmuter began the quest for the Orb.
     0 | D:1      | Reached XP level 1. HP: 16/16 MP: 3/3
   134 | D:1      | Reached XP level 2. HP: 23/23 MP: 5/5
   319 | D:1      | Learned a level 2 spell: Wereblood
   717 | D:1      | Found a faded altar of an unknown god.
  1096 | D:2      | Reached XP level 3. HP: 29/29 MP: 4/6
  1100 | D:2      | Learned a level 3 spell: Spider Form
  1174 | D:2      | Reached skill level 3 in Transmutations
  1437 | D:2      | Reached skill level 1 in Poison Magic
  1804 | D:2      | Reached XP level 4. HP: 35/36 MP: 5/7
  1940 | D:3      | Noticed Natasha
  1954 | D:3      | Killed Natasha
  2173 | D:3      | Found a white marble altar of Elyvilon.
  2605 | D:3      | Found a glowing silver altar of Zin.
  2670 | D:3      | Found a burning altar of Makhleb.
  2681 | D:3      | Became a worshipper of Makhleb the Destroyer
  2926 | D:3      | Noticed Natasha
  2933 | D:3      | Killed Natasha
  2934 | D:3      | Reached skill level 4 in Transmutations
  2934 | D:3      | Reached XP level 5. HP: 29/41 MP: 6/8
  3053 | D:3      | Found a basalt altar of Yredelemnul.
  3099 | D:3      | Noticed Natasha
  3102 | D:3      | Noticed Robin
  3114 | D:3      | Killed Natasha
  3296 | D:3      | Killed Robin
  3745 | D:4      | Found a blossoming altar of Fedhas.
  4411 | D:5      | Entered Level 5 of the Dungeon
  4411 | D:5      | Noticed a hornet
  4496 | D:4      | Reached XP level 6. HP: 24/48 MP: 9/9
  4932 | D:5      | Noticed Menkaure
  4944 | D:5      | Killed Menkaure
  5244 | D:5      | Paralysed by a hornet for 3 turns
  5252 | D:5      | Paralysed by a hornet for 1 turns
  5261 | D:6      | HP: 2/50 [hornet (6)]
  5262 | D:6      | Mangled by a hornet

Illustrated notes

Levels and vault maps discovered:
D:1:      wander_arrival_abandoned_jail, layout_loops_ring,
          shapermc_ecumenical_altar_flowoftime, minivault_19, st_stairs_10
D:2:      layout_basic
D:3:      layout_basic, kennysheep_ying_yang, marbit_many_paths,
          mainiacjoe_overflow_six_doors_small, uniq_natasha, uniq_robin
D:4:      layout_basic, fedhas_altar_3
D:5:      layout_cave_pools, xom_teletrap_fun, uniq_blork_the_orc,
          uniq_menkaure, uniq_crazy_yiuf_cottage
D:6:      layout_cave_pools, grunt_dithmenos_smoke_and_mirrors,
          fiery_altar_vehumet, minmay_temple_entry_stoned_glass,
          hangedman_abyss_or_decor_stabs, nzn_random_ring

Skill      XL: |  1  2  3  4  5 |
---------------+----------------+-----
Transmutations | 3 4 |  4.8
Poison Magic   | 1 2 3 |  3.5
Fighting       | 2 |  2.5
Dodging        | |  1.7
Unarmed Combat | |  3.7
Spellcasting   | |  2.4

Action                     |  1- 3 |  4- 6 || total
---------------------------+-------+-------++-------
  Melee: Unarmed           |   100 |   124 ||   224
         Kick              |    21 |    22 ||    43
         Headbutt          |     9 |    10 ||    19
         Punch             |     2 |     4 ||     6
         Tailslap          |     6 |    14 ||    20
   Cast: Beastly Appendage |    24 |    15 ||    39
         Wereblood         |     1 |     2 ||     3
         Spider Form       |       |    12 ||    12
    Use: Scroll            |       |    11 ||    11
         Potion            |       |     6 ||     6
   Stab: Sleeping          |       |     1 ||     1
 Armour: Skin              |    19 |    28 ||    47
  Dodge: Dodged            |    56 |    87 ||   143
